[Event "39th Muensterland Open 2022"]
[Site "Muenster"]
[Date "2022.10.02"]
[Round "1.1"]
[White "Bigott, Martin"]
[Black "Holtel, Jasper"]
[Result "0-1"]
[ECO "A05"]
[WhiteElo "1814"]
[BlackElo "2406"]
[Annotator "TA"]
[PlyCount "36"]
[EventDate "2022.10.01"]
[EventType "swiss"]
[EventCountry "GER"]
[SourceTitle "playchess.com"]
[Source "ChessBase"]
[SourceQuality "1"]
[TimeControl "40/5400+30:1800+30"]

1. d4 Nf6 2. Nf3 g6 3. g3 Bg7 4. Bg2 d5 5. O-O O-O 6. b3 c5 7. Bb2 cxd4 8. Bxd4 Nc6 9. Bb2 Qc7 {[%emt 0:01:27] A05: Réti Opening: 1 Nf3 Nf6.} 10. Nbd2 Rd8 11. e3 e5 {[%emt 0:08:27] [#] Black is slightly better.} 12. c3 $146 ({Better is} 12. c4 $15) ({Predecessor:} 12. h3 Bf5 13. Rc1 d4 14. exd4 exd4 15. Nh4 Be6 16. c4 Nb4 17. Ra1 Nd3 18. Ba3 {0-1 (45) Skorodelov,S (2228)-Khayrullin,D (2350) Moscow 2020}) 12... e4 {[%emt 0:06:10] [#] White must now prevent ...Bg4. Black is more active.} 13. Nd4 Bg4 14. f3 ({White should try} 14. Qe1) 14... exf3 $17 15. Bxf3 (15. N2xf3 $17 {is a better defense.} Ne4 16. Qc1) 15... Ne5 $19 16. Be2 (16. Bxg4 $17 Nexg4 17. Qf3) 16... h5 17. N2f3 Re8 18. Bb5 $2 {[%emt 0:03:53] [#]} (18. Nxe5 Qxe5 19. Qd3) 18... Nxf3+ {[%emt 0:00:47] White did not feel at home in the position after the opening.  Weighted Error Value: White=0.48/Black=0.04 (flawless)} 0-1

[Event "39th Muensterland Open 2022"]
[Site "Muenster"]
[Date "2022.10.02"]
[Round "1.2"]
[White "Koellner, Ruben Gideon"]
[Black "Koch, Till"]
[Result "1-0"]
[ECO "D03"]
[WhiteElo "2401"]
[BlackElo "1814"]
[Annotator "TA"]
[PlyCount "43"]
[EventDate "2022.10.01"]
[EventType "swiss"]
[EventCountry "GER"]
[SourceTitle "playchess.com"]
[Source "ChessBase"]
[SourceQuality "1"]
[TimeControl "40/5400+30:1800+30"]

1. d4 Nf6 2. Bg5 d5 3. e3 e6 4. Nd2 c5 5. c3 cxd4 6. exd4 Be7 7. Bd3 O-O 8. Ngf3 h6 {[%emt 0:04:27] D03: 1 d4 d5 2 Nf3 Nf6 3 Bg5, including Torre Attack with early ...d5.} 9. Bh4 b6 10. Qe2 Nbd7 {[%emt 0:03:46] White is slightly better.} 11. O-O {[%emt 0:00:55] [#]} Re8 $146 ({Predecessor:} 11... Bb7 12. h3 Ne8 13. Bxe7 Qxe7 14. Rfe1 Nef6 15. Ne5 Rac8 16. Ndf3 Rfd8 17. Rac1 Ne8 18. Ng4 {1-0 (63) Anders,H-Keilholz,S freechess.de 2017}) 12. Ne1 Bd6 13. f4 {[%emt 0:01:05] Prevents e5.} Qc7 $1 14. g3 Bb7 15. Nef3 Nf8 (15... Qc8 $14) 16. Bxf6 $16 gxf6 {[%emt 0:00:04] [#]} 17. Nh4 {[%emt 0:00:10] White is more active.} ({Better is} 17. Ne5 $1 $16 ) 17... f5 {[%emt 0:03:36] [#] Against Qg4+} (17... Nh7 $1 $14) 18. Qh5 $1 Kg7 (18... Nh7 $16 {was called for.}) 19. Bxf5 $1 $18 {[%emt 0:12:07][%cal Oa1e1] And now Rae1! would win.} exf5 $2 (19... Nd7 {is more resistant.}) 20. Nxf5+ {[%emt 0:00:07] White is clearly winning.} Kg8 21. Nxh6+ {[%emt 0:00:58] Pair of Knights!} Kg7 22. Qg5+ {[%emt 0:09:44] Weighted Error Value: White=0.09 (flawless) /Black=0.78} 1-0

[Event "39th Muensterland Open 2022"]
[Site "Muenster"]
[Date "2022.10.02"]
[Round "1.3"]
[White "Botvinnik, Alexey"]
[Black "Pfreundt, Jakob"]
[Result "0-1"]
[ECO "B00"]
[WhiteElo "1813"]
[BlackElo "2401"]
[Annotator "TA"]
[PlyCount "52"]
[EventDate "2022.10.01"]
[EventType "swiss"]
[EventCountry "GER"]
[SourceTitle "playchess.com"]
[Source "ChessBase"]
[SourceQuality "1"]
[TimeControl "40/5400+30:1800+30"]

1. e4 Nc6 2. Nf3 d6 3. d4 Nf6 4. Nc3 g6 5. Bb5 a6 6. Bxc6+ bxc6 7. O-O Bg7 8. h3 O-O 9. e5 {[%emt 0:03:24] B00: Queen's Fianchetto Defence, Nimzowitsch Defence.} Nd5 {[%emt 0:01:53] [#]} 10. exd6 $146 (10. Bd2 $142) ({Predecessor:} 10. Nxd5 cxd5 11. Bf4 Rb8 12. b3 f6 13. Bg3 Bf5 14. Re1 Qd7 15. Qe2 Qc6 16. e6 Be4 {0-1 (48) Burg,T (2517)-Bauer,C (2629) Belgium 2019}) 10... cxd6 $11 11. Nxd5 {[%emt 0:03:14] Black is slightly better.} cxd5 12. Re1 f6 13. Be3 e5 14. Qd2 g5 15. Nh2 h6 16. f3 Be6 17. g4 (17. h4 $15) 17... Qd7 18. Rad1 Rac8 19. Qd3 (19. c3 $142) 19... f5 $17 {[%emt 0:01:14][%cal Bf6f5,Bf5g4,Bg4h3][%mdl 32] ...e4 is the strong threat.} 20. b3 $2 {[%emt 0:04:16] [#]} (20. dxe5 $17 {is a better defense.} dxe5 21. c3) 20... e4 $19 21. Qe2 exf3 22. Nxf3 fxg4 23. Nxg5 hxg5 24. Bxg5 Bf5 25. Qxa6 Be4 26. c4 gxh3 {[%emt 0:00:29] Weighted Error Value: White=1.23/Black=0.51} 0-1

[Event "39th Muensterland Open 2022"]
[Site "Muenster"]
[Date "2022.10.02"]
[Round "1.4"]
[White "Scholz, Christian"]
[Black "Buchaeckert, Juergen"]
[Result "1-0"]
[ECO "D83"]
[WhiteElo "2338"]
[BlackElo "1811"]
[Annotator "TA"]
[PlyCount "41"]
[EventDate "2022.10.01"]
[EventType "swiss"]
[EventCountry "GER"]
[SourceTitle "playchess.com"]
[Source "ChessBase"]
[SourceQuality "1"]
[TimeControl "40/5400+30:1800+30"]

1. d4 Nf6 2. c4 g6 3. Nc3 d5 4. Bf4 Bg7 5. e3 O-O 6. Rc1 c5 7. dxc5 Qa5 8. cxd5 {[%emt 0:00:07] D83: Grünfeld: 4 Bf4 Bg7 5 e3 0-0.} Qxc5 {[%emt 0:04:07] 8...Nbd7 is setting a new trend.} (8... Rd8 $14) 9. Nf3 $16 Bg4 10. Be2 {[%emt 0:02:34] [#] White is better.} Nbd7 $146 ({Predecessor:} 10... Rd8 11. e4 Qb4 12. Qb3 Qxb3 13. axb3 Nbd7 14. Be3 a6 15. O-O b5 16. b4 Ne8 17. Nd4 Bxe2 18. Ncxe2 Nd6 19. Nc6 Re8 20. Nc3 {½-½ (20) Timar,Z (2210)-Homoki,G (1890) Godollo 1996}) 11. h3 Bxf3 12. Bxf3 ({Resist} 12. gxf3 $6 Nh5 $14) 12... Nb6 (12... Ne8 $16 {might work better.} 13. O-O Nd6) 13. O-O $18 Rfd8 14. e4 Ne8 (14... Nfd7 $142 15. Qb3 Qa5) 15. Qe2 Qa5 (15... Qc4 $16 16. Qd2 Qb4) 16. Bg5 Rd7 (16... Bf6 $142) 17. e5 Rc7 18. Bf4 Rc4 19. Bd2 Qc5 $2 {[%emt 0:01:35] [#]} (19... Rd4 {is a better defense.} 20. Be3 Rb4) 20. b3 Rh4 (20... Rb4 $142 21. Qe1 Rh4) 21. Nb5 {[%emt 0:00:38] Black did not feel at home in the position after the opening.  Weighted Error Value: White=0.23 (precise) /Black=0.54} 1-0

[Event "39th Muensterland Open 2022"]
[Site "Muenster"]
[Date "2022.10.02"]
[Round "1.5"]
[White "Becker, Peter"]
[Black "Schiffer, Kai-Uwe"]
[Result "0-1"]
[ECO "C78"]
[WhiteElo "1810"]
[BlackElo "2295"]
[Annotator "TA"]
[PlyCount "69"]
[EventDate "2022.10.01"]
[EventType "swiss"]
[EventCountry "GER"]
[SourceTitle "playchess.com"]
[Source "ChessBase"]
[SourceQuality "1"]
[TimeControl "40/5400+30:1800+30"]

1. e4 e5 2. Nf3 Nc6 3. Bb5 a6 4. Ba4 Nf6 5. O-O Bc5 6. d3 d6 7. h3 {[%emt 0:00:17] C78: Ruy Lopez: Archangelsk and Möller Defences.} O-O 8. c3 Ne7 9. Re1 {[%emt 0:05:30] White has an edge.} Ng6 10. d4 Ba7 11. Nbd2 h6 12. Nf1 Nh5 {[%emt 0:07:48] [#]} 13. Be3 $146 ({Predecessor:} 13. Nxe5 dxe5 14. Qxh5 exd4 15. Bb3 Kh7 16. Rd1 Qf6 17. cxd4 Bxd4 18. Be3 Bxb2 19. Rab1 Be5 20. Rd2 Nf4 21. Qf3 Nxh3+ 22. Kh1 Qxf3 23. gxf3 f5 {0-1 (23) Rey,L (1688)-Marquez Rueda,B (2029) Santander 2013}) 13... Qf6 14. Qd2 Nhf4 15. Bd1 Re8 (15... c5 {is interesting.} 16. Ng3 Re8 17. a3 exd4 18. cxd4 cxd4 19. Bxd4 Ne5) 16. d5 Nf8 17. Bxf4 exf4 18. N1h2 h5 19. Nd4 g6 20. Bc2 Nd7 21. Re2 Ne5 22. b3 {[%emt 0:01:29] Against Nc4} Bd7 {[%emt 0:01:19] Black is more active.} 23. Nhf3 (23. Ree1 $17) 23... g5 ({Black should play} 23... Bxd4 $19 24. Nxd4 c5 25. dxc6 bxc6) 24. Nxe5 $17 Rxe5 (24... dxe5 $17 25. Nf5 g4) 25. Nf3 {[%emt 0:01:02] [#]} (25. Kh1 $15) 25... Re7 (25... g4 $1 $19 26. Nxe5 dxe5) 26. Qd3 (26. Nd4 $15) 26... g4 {[%emt 0:04:13] Hoping for ...Bb5.} 27. hxg4 $2 (27. Nd4) 27... hxg4 $19 28. e5 dxe5 29. Qh7+ Kf8 30. Nh4 g3 31. Bg6 Bxf2+ 32. Kf1 f3 33. gxf3 (33. Re4 Bd4 34. gxf3 Bxc3 35. Rd1) 33... fxg6 34. Nxg6+ {[%emt 0:00:11] [#]} Qxg6 $3 35. Qh4 {[%emt 0:00:00] Weighted Error Value: White=0.95/Black=0.44} (35. Qh8+ Kf7) 0-1

[Event "39th Muensterland Open 2022"]
[Site "Muenster"]
[Date "2022.10.02"]
[Round "1.6"]
[White "De Roda Husman, Juan"]
[Black "Pazdzior, Johann"]
[Result "1-0"]
[ECO "B18"]
[WhiteElo "2286"]
[BlackElo "1797"]
[Annotator "TA"]
[PlyCount "55"]
[EventDate "2022.10.01"]
[EventType "swiss"]
[EventCountry "GER"]
[SourceTitle "playchess.com"]
[Source "ChessBase"]
[SourceQuality "1"]
[TimeControl "40/5400+30:1800+30"]

1. e4 {[%emt 0:00:04] Let's Check Training} c6 2. d4 d5 3. Nd2 dxe4 4. Nxe4 Bf5 5. Ng3 Bg6 6. Bc4 Nf6 7. N1e2 e6 8. Nf4 {[%emt 0:01:21] B18: Classical Caro-Kann: 4...Bf5 sidelines.} Nd5 {[%emt 0:00:00] [#]} 9. Ngh5 $146 ({Predecessor:} 9. Nxg6 hxg6 10. c3 Nd7 11. Bd2 Qc7 12. Qf3 N7f6 13. O-O-O O-O-O 14. Bg5 Be7 15. h4 {1-0 (38) Tiviakov,S (2677)-Timman,J (2571) Wijk aan Zee 2012 CBM 147 [Let's Check Training]}) 9... Bxh5 10. Nxh5 {[%emt 0:03:21] The position is equal.} g6 11. Ng3 Bg7 12. c3 Nd7 13. O-O O-O 14. Bb3 Qh4 15. Qf3 N5f6 16. h3 e5 17. Be3 e4 18. Qf4 Qxf4 19. Bxf4 Nd5 20. Bd6 Rfe8 21. Rfe1 $36 {[%emt 0:03:12][%mdl 2048] White is more active.} e3 (21... Re6 $5 22. Ba3 (22. Nxe4 Rae8 $11) 22... Rae8 $11) 22. fxe3 Nxe3 23. Re2 {[%emt 0:03:41] [#] Threatens to win with Rae1.} c5 $2 {[%emt 0:00:00][%mdl 8192] Loses the game.} (23... Nd5 $11 {and Black has nothing to worry.}) 24. dxc5 $18 Rac8 25. Rae1 {[%emt 0:00:45] White is clearly winning.} Bh6 26. Nf1 Nxc5 27. Nxe3 Nd3 {[%emt 0:00:00] [#]} (27... Bf8 $142 28. Bxf8 Kxf8) 28. Nd5 $1 {[%emt 0:00:33] Weighted Error Value: White=0.11 (very precise) /Black=0.45} 1-0

[Event "39th Muensterland Open 2022"]
[Site "Muenster"]
[Date "2022.10.02"]
[Round "1.8"]
[White "Ollenberger, Roland"]
[Black "Berresheim, Nils"]
[Result "1-0"]
[ECO "B50"]
[WhiteElo "2256"]
[BlackElo "1792"]
[Annotator "TA"]
[PlyCount "117"]
[EventDate "2022.10.01"]
[EventType "swiss"]
[EventCountry "GER"]
[SourceTitle "playchess.com"]
[Source "ChessBase"]
[SourceQuality "1"]
[TimeControl "40/5400+30:1800+30"]

1. e4 c5 2. Nf3 d6 3. c4 Bg4 4. Nc3 Nc6 5. Be2 Bxf3 6. Bxf3 {[%emt 0:00:00] B50: Sicilian: 2...d6, Miscellaneous.} g6 7. d3 Bg7 8. Be3 {[%emt 0:00:00] The position is equal.} e6 9. Qd2 Nd4 10. Bd1 Ne7 11. O-O O-O 12. Rb1 {[%emt 0:00:00] [#]} d5 $146 ({Predecessor:} 12... Nec6 13. a3 a6 14. b4 b6 15. f4 Rb8 16. b5 axb5 17. cxb5 Ne7 18. Ne2 Nxe2+ 19. Qxe2 {0-1 (63) Kochan,I (2249)-Oliynyk,V (2264) ICCF email 2014}) 13. cxd5 exd5 14. Bg5 f6 15. Be3 dxe4 $1 16. dxe4 {[%emt 0:00:00] Threatens to win with b4.} f5 17. b4 c4 18. Ba4 {[%emt 0:00:00] And now Rfd1 would win.} fxe4 19. Nxe4 (19. Bxd4 $11 Qxd4 20. Qxd4 Bxd4 21. Nxe4) 19... Nef5 $1 $17 20. Bg5 Qc7 21. Rfe1 Ne6 {[%emt 0:06:28] Pair of Knights!} (21... h6 $17 22. Bf4 Qf7) 22. Qd5 Qf7 23. Nd6 Nxd6 24. Qxe6 b5 (24... Bd4 $5 25. Qxf7+ (25. Qxd6 $2 Bxf2+ 26. Kh1 Bxe1 $19) 25... Rxf7 $15) 25. Be7 (25. Bd1 $15) 25... Qxe6 26. Rxe6 bxa4 27. Bxd6 Rfe8 28. Rxe8+ Rxe8 $15 {[%emt 0:00:01][%mdl 4096] Endgame KRB-KRB} 29. Kf1 a3 (29... c3 $5 30. Rc1 Rd8 $17) 30. Rc1 Rd8 31. Bf4 Rc8 32. Rc2 c3 33. Bc1 Rc4 (33... Bf8 $11 {was preferrable.}) 34. Bxa3 $14 Bf8 ({Better is} 34... Rh4 $14) 35. Bc1 (35. Ke2 $1 $16) 35... Bxb4 $11 36. Ke2 Rd4 37. Be3 Rd7 38. Kf3 Rc7 (38... a5 $11) 39. Ke4 Kf7 40. Bd4 Ke6 41. Kd3 ({Of course not} 41. a3 $6 Bxa3 42. Rxc3 Rxc3 43. Bxc3 Bc5 $11) 41... Kd5 42. Bxc3 Bxc3 ({Black should try} 42... Be7) 43. Rxc3 $16 {[%emt 0:00:00] KR-KR} Rb7 44. Rb3 {[%emt 0:00:00] Prevents Rb2.} Re7 45. h4 Kc6 46. g3 Re1 47. Kd2 (47. Ra3 $18) 47... Re4 ({Black should play} 47... Ra1) 48. Re3 (48. Rc3+ $142 Kb6 49. f3) 48... Ra4 49. a3 Kd6 {[%emt 0:00:06] Inhibits Re7.} 50. Ke2 Ra5 51. Kf3 Rf5+ 52. Kg2 $1 {[%emt 0:00:00] Black must now prevent Rf3.} Rc5 (52... Ra5 $16 {keeps fighting.}) 53. Rb3 $1 $18 {[%emt 0:00:00] Rb7 is the strong threat.} Kc6 {[%emt 0:00:51] [#] Prevents Rb7.} (53... Rc7 $142 54. Rb5 Kc6) 54. Rf3 $1 a5 $2 {[%emt 0:02:23] [#]} (54... Kd6 {might work better.} 55. Rf6+ Kd5) 55. Rf7 $1 Rh5 56. Kh3 {[%emt 0:00:00] aiming for g4.} Kb5 (56... a4 $142 57. Ra7 Kb6 58. Rxa4 Re5) 57. g4 {[%emt 0:00:00][%cal Bg3g4,Bg4g5][%mdl 32] White is clearly winning.} Rh6 (57... Rc5 $142 58. Rxh7 Rc3+ 59. Kg2 a4) 58. Rf4 (58. Rf6 $142 {White wants to mate with g5.} Ka4 59. Ra6) 58... Kb6 59. g5 {[%emt 0:00:00] Weighted Error Value: White=0.25 (precise) /Black=0.26 (precise)} 1-0

[Event "39th Muensterland Open 2022"]
[Site "Muenster"]
[Date "2022.10.02"]
[Round "1.9"]
[White "Schuett, Norbert"]
[Black "Sandkamp, Ralph"]
[Result "0-1"]
[ECO "A47"]
[WhiteElo "1791"]
[BlackElo "2241"]
[Annotator "TA"]
[PlyCount "72"]
[EventDate "2022.10.01"]
[EventType "swiss"]
[EventCountry "GER"]
[SourceTitle "playchess.com"]
[Source "ChessBase"]
[SourceQuality "1"]
[TimeControl "40/5400+30:1800+30"]

1. d4 Nf6 2. Bf4 g6 3. e3 Bg7 4. Nf3 O-O 5. Be2 d6 6. O-O Nbd7 7. c3 b6 8. Nbd2 Bb7 9. a4 {[%emt 0:06:56] A47: 1 d4 Nf6 2 Nf3 b6: Torre, London and Colle Systems.} a6 10. Qc2 {[%emt 0:04:07] [#]} Nh5 $146 ({Predecessor:} 10... c5 11. h3 Rc8 12. Rfe1 Re8 13. Qb3 e5 14. Bg5 e4 15. Nh2 h6 16. Bh4 d5 {0-1 (53) Kotlar,A (1899)-Strauss,D (1918) Germany 2015}) 11. Bg5 {[%emt 0:01:29] The position is equal.} h6 12. Bh4 f5 13. Ne1 Ndf6 14. f3 {[%emt 0:08:41] g4 is the strong threat.} Qd7 15. c4 c5 16. d5 {[%emt 0:05:00][%cal Og2g4] Inhibits Qe6.} g5 17. Bf2 f4 18. Bd3 e6 {[%emt 0:02:57] Inhibits Bf5.} 19. e4 (19. dxe6 {with more complications.} Qxe6 20. Bf5 Qe7 21. exf4 Nxf4 22. Nd3) 19... a5 (19... g4 $5 ) 20. Qb3 Qc7 21. Nc2 Nd7 22. Na3 Ne5 23. Nb5 Qd8 24. Bc2 Bc8 25. Rad1 exd5 (25... Rb8 $11) 26. exd5 $14 g4 {[%emt 0:00:31][%cal Bg5g4,Bg4g3][%mdl 32] [#] And now ...g3 would win.} 27. Be4 $2 {[%emt 0:02:04][%mdl 8192] This costs White the game.} (27. Ne4 $14 {stays ahead.}) 27... g3 $19 {[%emt 0:01:24] Hoping for ...Qh4.} 28. Be1 $2 ({Not} 28. hxg3 $2 fxg3 29. Be3 Qh4 $19) (28. Kh1 gxf2 29. Rxf2) 28... Qh4 29. h3 {[%emt 0:04:48] [#]} Bxh3 $1 30. gxh3 (30. Rf2 gxf2+) 30... Qxh3 31. Rf2 gxf2+ 32. Bxf2 Ng3 (32... Kh8 $142 33. Qa3 Bf6 34. Bf5 Rg8+ 35. Bg4 Rxg4+ 36. fxg4 f3 37. Qxf3 Nxf3+ 38. Nxf3 Nf4 39. Nxd6 Qg2#) 33. Bxg3 {[%emt 0:00:40] Black is clearly winning.} fxg3 34. Nf1 {[%emt 0:01:11] Inhibits Qh2+.} Ng4 {[%emt 0:02:00][%cal Be5g4,Bg4f2,Bf2d1][%mdl 32] ( -> ...g2)} 35. Qc2 {[%emt 0:00:35] Inhibits g2.} Nf2 36. f4 Nxd1 {[%emt 0:01:11] Weighted Error Value: White=0.70/Black=0.51} 0-1

[Event "39th Muensterland Open 2022"]
[Site "Muenster"]
[Date "2022.10.02"]
[Round "1.10"]
[White "Schmitzer, Klaus"]
[Black "Klein, Gernot"]
[Result "1-0"]
[ECO "B43"]
[WhiteElo "2241"]
[BlackElo "1824"]
[Annotator "TA"]
[PlyCount "83"]
[EventDate "2022.10.01"]
[EventType "swiss"]
[EventCountry "GER"]
[SourceTitle "playchess.com"]
[Source "ChessBase"]
[SourceQuality "1"]
[TimeControl "40/5400+30:1800+30"]

1. e4 c5 2. Nf3 e6 3. d4 cxd4 4. Nxd4 a6 5. Nc3 Qc7 6. Bd3 Nf6 7. Qe2 d6 8. g4 {[%emt 0:05:59] B43: Sicilian: Kan Variation: 5 Nc3.} g6 {[%emt 0:18:37] [#]} 9. f3 $146 ({Predecessor:} 9. g5 Nh5 10. Bd2 Bg7 11. Nf5 Be5 12. Nh6 Nc6 13. Qg4 b5 14. a3 Rf8 15. f4 Nxf4 16. Bxf4 Bxc3+ 17. bxc3 {0-1 (42) Fercec,N (2445)-Damljanovic,B (2470) Djenovici 2019}) 9... Bg7 10. Be3 {[%emt 0:01:34] White is slightly better.} Nbd7 11. O-O-O Ne5 {[%emt 0:14:05] [#]} (11... b5 $11 {was preferrable.}) 12. Kb1 (12. Bb5+ $1 $14 {deserves consideration.} axb5 13. Ndxb5) 12... Bd7 (12... O-O $11 {remains equal.}) 13. h4 b5 14. Qh2 ({White should play} 14. a3 $14) 14... Nc4 $2 (14... Nxd3 $11 15. cxd3 b4) 15. Bxc4 $18 bxc4 16. Nde2 Ke7 17. Bf4 Ne8 18. h5 Rb8 19. Qh4+ Kf8 20. h6 $36 {[%emt 0:00:00][%mdl 2048] Black is under strong pressure.} Be5 21. Bc1 ({Better is} 21. Bxe5 $18 dxe5 22. Qf2 (22. b3 Bc6 $16)) 21... Qa5 (21... Rg8 $142) 22. Qe1 $16 Qb6 (22... Nc7 $16 {was called for.}) 23. f4 Bf6 24. Rf1 Nc7 $2 (24... Bxc3 {might work better.} 25. Nxc3 (25. Qxc3 Rg8 $18) 25... Qb4) 25. e5 $18 Be7 26. exd6 Bxd6 27. Ne4 Bb4 (27... Nd5 $2 28. Nxd6 Qxd6 29. Nc3 $18) 28. c3 Bc6 29. N2g3 Be7 30. Ka1 Nd5 (30... Ba4 {was necessary.}) 31. f5 {[%emt 0:00:00] [#] Strongly threatening fxe6.} Bd7 32. Qe2 Qb5 (32... Rb7 $142 33. Bg5 (33. Qxc4 Ne3 $11) 33... Ba4) 33. Qf2 {[%emt 0:01:29] Threatens to win with fxg6.} Rb6 (33... gxf5 $142 34. gxf5 (34. Qd4 Rg8 $16) 34... Rg8 35. fxe6 Bxe6) 34. fxg6 Ke8 35. g7 Rg8 36. Qxf7+ Kd8 37. Qxg8+ Kc7 38. Qf7 Ba3 39. Rf2 Qa4 40. Re1 (40. Rxd5 $142 exd5 41. g8=Q Qd1 42. Qf4+ Rd6 43. bxa3 dxe4 44. Qxc4+ Kb7 45. Qfxe4+ Kb6 46. Qb1+ Bb5 47. Be3+ Kb7 48. Rf7+ Rd7 49. Qxd1 Kb8 50. Rf8+ Rd8 51. Rxd8+ Kb7 52. Qc8#) 40... Bd6 41. g8=Q Be5 42. Nc5 {[%emt 0:00:00] Weighted Error Value: White=0.40/Black=0.88} 1-0

[Event "39th Muensterland Open 2022"]
[Site "Muenster"]
[Date "2022.10.02"]
[Round "2.1"]
[White "Holtel, Jasper"]
[Black "Winterberg, Andreas"]
[Result "0-1"]
[ECO "E05"]
[WhiteElo "2406"]
[BlackElo "1991"]
[Annotator "TA"]
[PlyCount "104"]
[EventDate "2022.10.01"]
[EventType "swiss"]
[EventCountry "GER"]
[SourceTitle "playchess.com"]
[Source "ChessBase"]
[SourceQuality "1"]
[TimeControl "40/5400+30:1800+30"]

1. Nf3 d5 2. g3 Nf6 3. Bg2 e6 4. O-O Be7 5. d4 O-O 6. c4 dxc4 7. Qc2 a6 8. a4 Bd7 9. Qxc4 Bc6 10. Bg5 Nbd7 11. Nc3 h6 12. Bxf6 {[%emt 0:00:13] E05: Open Catalan: 5 Nf3 Be7.} Nxf6 13. Rfe1 {[%emt 0:02:24] 13.Rfd1 is setting a new trend.} Ne4 14. Qd3 {[%emt 0:03:03] White is slightly better.} Nxc3 15. bxc3 Bf6 16. e4 {[%emt 0:01:52] [#]} e5 $146 ({Predecessor:} 16... b5 17. e5 Be7 18. Ng5 hxg5 19. Bxc6 Rb8 20. axb5 axb5 21. Bxb5 c5 22. Bc4 cxd4 23. cxd4 {1-0 (66) Hamblok,R (2261)-Havanecz,B (2281) Budapest 2019}) 17. d5 Bd7 18. Reb1 (18. c4 $14 {is more appropriate.}) 18... Qc8 (18... b5 $11 {keeps the balance.}) 19. c4 g6 20. c5 Bg7 21. Nd2 Kh7 22. Qc2 Rb8 23. Ra2 Qe8 24. Bf1 f5 25. Bd3 f4 {[%emt 0:05:21] [#]} 26. a5 $1 fxg3 27. hxg3 Rf6 $2 (27... Qd8 $16 28. Rab2 Bc8) 28. Rab2 $18 Qf7 29. Nf1 $2 (29. c6 $18 Bxc6 30. dxc6 Rxc6 31. Qxc6 bxc6 32. Rxb8) 29... Rf8 $11 30. Qe2 h5 31. Rc2 Bc8 32. Rbb2 h4 (32... Qd7 $11) 33. c6 $1 $14 bxc6 34. Rxc6 ({White should play} 34. Bxa6 $14 Bd7 35. dxc6 (35. gxh4 Qe7 $11)) 34... hxg3 35. fxg3 {[%emt 0:03:22] [#]} (35. Rxf6 $11 Bxf6 36. Nxg3 (36. fxg3 Be7 $11)) 35... Rf3 $1 $19 {[%emt 0:01:25] ...Bh3 is the strong threat.} 36. Qd1 $2 (36. Kg2 {is tougher.} Bg4 37. Bxa6 Rxg3+ 38. Nxg3 Bxe2 39. Bxe2) 36... Bh6 $2 ({Black should try} 36... Bh3 $19 37. Rc1 Bh6) 37. Rh2 Kg7 {[%emt 0:00:41] Hoping for ...Bg4. Really sharp!} ({Much less strong is} 37... Rf2 38. Qe1 Rxh2 39. Nxh2 $16) 38. Rxh6 $2 Kxh6 39. Qc1+ Kg7 40. Rxc7 Bd7 41. Be2 {[%emt 0:05:48] [#]} Rc3 $3 {[%emt 0:16:39][%mdl 512] ( -> ...Qf2+)} 42. Rxd7 Rxc1 43. Rxf7+ Rxf7 44. Bxa6 Ra7 45. Be2 Rxa5 {[%emt 0:00:17] And now ...Ra2 would win.} 46. Bg4 Ra4 47. Bf3 Ra3 48. Bg2 Rxg3 {[%emt 0:01:13] Black mates.} 49. Kf2 Ra3 50. Ne3 Ra2+ 51. Kf3 Rc3 52. d6 {[%emt 0:00:10] [#]} Rxg2 $1 {[%emt 0:00:50] Black used his chance.  Weighted Error Value: White=0.93/Black=0.29 (precise)} 0-1

[Event "39th Muensterland Open 2022"]
[Site "Muenster"]
[Date "2022.10.02"]
[Round "2.2"]
[White "Reuter, Julian-Frank"]
[Black "Koellner, Ruben Gideon"]
[Result "0-1"]
[ECO "D02"]
[WhiteElo "1963"]
[BlackElo "2401"]
[Annotator "TA"]
[PlyCount "80"]
[EventDate "2022.10.01"]
[EventType "swiss"]
[EventCountry "GER"]
[SourceTitle "playchess.com"]
[Source "ChessBase"]
[SourceQuality "1"]
[TimeControl "40/5400+30:1800+30"]

1. Nf3 d5 2. g3 Nd7 3. d4 Nb6 4. Bg2 Bf5 5. O-O e6 6. Nbd2 {[%emt 0:07:35][%cal Oc2c4] D02: 1 d4 d5 2 Nf3 sidelines, including 2...Nf6 3 g3 and 2...Nf6 3 Bf4.} c6 7. Re1 Nf6 {[%emt 0:00:36] [#]} 8. Nh4 $146 {[%emt 0:02:46] White has an edge.} ({Predecessor:} 8. c3 Be7 9. Ne5 Bd6 10. Ndf3 Qc7 11. Nd3 Nbd7 12. Bf4 Bxf4 13. Nxf4 O-O 14. Nd3 {½-½ (22) Groiss,W-Zinn,L Zittau 1957}) 8... Bg4 9. h3 Bh5 10. g4 Nfd7 (10... Ne4 $142) 11. Nhf3 (11. Ndf3 $5 ) 11... Bg6 12. e4 Be7 13. exd5 cxd5 14. Nf1 Qc7 15. c3 Nc4 16. Ne3 Nxe3 17. Bxe3 O-O 18. Qd2 b5 19. Bf4 Qb6 20. a3 a5 21. Rec1 Rfc8 22. Ne1 Qb7 23. Qe2 Ra6 24. Nd3 Rac6 25. Ne5 ({White should try} 25. Bf1 $11) 25... Nxe5 $15 26. Bxe5 h6 27. Bf4 Bf8 28. Ra2 Qb6 29. Bf1 b4 30. axb4 axb4 31. Ra6 Qxa6 32. Qxa6 Rxa6 33. Bxa6 Ra8 34. Bf1 b3 {[%emt 0:07:42] Strongly threatening ...Ra2.} 35. Re1 $2 {[%emt 0:02:50] This costs White the game.} (35. c4 $17) 35... Ra2 $19 36. Bc1 Ra1 {[%emt 0:00:13][%cal Of8a3] White must now prevent ...Ba3!} 37. Bg2 $2 {[%emt 0:07:07] [#]} (37. Bb5) 37... Ba3 $1 {[%emt 0:02:58][%mdl 512] Black is clearly winning.} 38. bxa3 b2 39. Bxb2 Rxe1+ 40. Kh2 Rb1 {[%emt 0:00:09] Weighted Error Value: White=0.40/Black=0.06 (flawless)} 0-1